 Dungeon Crawl Stone Soup version 0.30-a0-459-g9104f0fc43 (webtiles) character file.

Game seed: 12228301777643219095

11 Sabo the Trooper (level 2, -1/24 HPs)
             Began as a Demonspawn Berserker on Dec 16, 2022.
             Was a Follower of Trog.
             Succumbed to a goblin's poison
             ... on level 1 of the Dungeon.
             The game lasted 00:01:39 (368 turns).

Sabo the Trooper (Demonspawn Berserker)              Turns: 368, Time: 00:01:40

Health: -1/24      AC:  5    Str: 17    XL:     2   Next: 13%
Magic:  2/2        EV: 11    Int:  8    God:    Trog [*.....]
Gold:   52         SH:  0    Dex: 12    Spells: 1/1 levels left

rFire   . . .      SeeInvis .    a - +0 hand axe
rCold   . . .      Faith    .    (no shield)
rNeg    . . .      Spirit   .    c - +0 ring mail
rPois   .          Reflect  .    (no helmet)
rElec   .          Harm     .    (no cloak)
rCorr   .          Rampage  .    (no gloves)
Will    .....                    (no boots)
Stlth   +.........               (no amulet)
HPRegen 0.24/turn                (no ring)
MPRegen 0.16/turn                (no ring)

@: lethally poisoned (-1 -> -22)
A: magic regeneration
a: Renounce Religion, Berserk


You were on level 1 of the Dungeon.
You worshipped Trog.
Trog was aware of your devotion.
You visited 1 branch of the dungeon, and saw 1 of its levels.

You collected 52 gold pieces.

Inventory:

Hand Weapons
 a - a +0 hand axe (weapon)
Armour
 c - a +0 ring mail (worn)
Scrolls
 b - a scroll of poison {unknown}


   Skills:
 + Level 3.2 Fighting
 + Level 3.0 Axes
 + Level 1.8 Armour
 + Level 1.8 Dodging


You had one spell level left.
You didn't know any spells.
Your spell library was empty.

Dungeon Overview and Level Annotations

Branches:
Dungeon (1/15)

Altars:


Innate Abilities, Weirdness & Mutations

You regenerate magic rapidly.


Message History

a +0 whip; a kobold corpse
Found a spear.
Found a leather armour.
Found a stone staircase leading down.
You see here a +0 spear.
An endoplasm comes into view.
There is a stone staircase leading down here.
You hit the endoplasm. Your punch misses the endoplasm.
The endoplasm is moderately wounded.
The endoplasm freezes you.
You are frozen.
You hit the endoplasm.
The endoplasm is almost dead.
The endoplasm barely misses you.
The endoplasm hits you but does no damage.
You slash the endoplasm!
You kill the endoplasm!
Trog accepts your kill.
A goblin comes into view. It is wielding a +1 dagger of venom.
Found 15 gold pieces.
The goblin shouts!
An endoplasm comes into view.
The endoplasm quivers.
The goblin hits you but does no damage.
You are poisoned.
You barely miss the goblin.
You feel sick. The goblin closely misses you.
You closely miss the goblin.
You feel sick.
The goblin hits you with a +1 dagger of venom.
You are more poisoned.
You barely miss the goblin.
You feel very sick.
The goblin hits you with a +1 dagger of venom.
You are lethally poisoned!
You barely miss the goblin.
You feel very sick.
The goblin hits you with a +1 dagger of venom.
* * * LOW HITPOINT WARNING * * *
You are more poisoned.
You barely miss the goblin. You hit the endoplasm but do no damage.
You die...

#...[...##.####.##.##.#...#.#.
#........>.####.##.##.#.#.....
##...####.....#.##..........##
##.. #..##.#.#############
.... #..##.#.### .##.#
#.........# #.##..###.#
..##...##.### .###.@......# ..
#.gJ.#.#.# #......#.# ##.#$.##
# #.##.# #.# .# #.. .. .## ##


You could see an endoplasm and a goblin.

Vanquished Creatures
  3 endoplasms (D:1)
  A giant cockroach (D:1)
  A ball python (D:1)
  A frilled lizard (D:1)
  4 kobolds (D:1)
10 creatures vanquished.

Notes
Turn   | Place    | Note
-------+----------+-------------------------------------------
     0 | D:1      | Sabo the Demonspawn Berserker began the quest for the Orb.
     0 | D:1      | Reached XP level 1. HP: 18/18 MP: 1/1
   292 | D:1      | Gained mutation: You regenerate magic rapidly. [demonic
                  | ancestry]
   292 | D:1      | Reached XP level 2. HP: 24/24 MP: 2/2
   368 | D:1      | Succumbed to a goblin's poison

Illustrated notes

Levels and vault maps discovered:
D:1:      sevenhm_arrival_forest_fort_large_4, layout_loops_cross

Skill      XL: |  1 |
---------------+----+-----
Axes           | 3 |  3.0
Fighting       | |  3.2
Armour         | |  1.8
Dodging        | |  1.8

Action                   || total
-------------------------++-------
Melee: Hand axe          ||    33
Invok: Berserk           ||     1
Armor: Ring mail         ||     6
       Animal skin       ||     2
Dodge: Dodged            ||    20

Table legend: (Time is in decaauts)
 A = Elapsed time spent in this place.
 B = Non-inter-level travel time spent in this place.
 C = Inter-level travel time spent in this place.
 D = Time resting spent in this place.
 E = Time spent auto-exploring this place.
 F = Levels seen in this place.
 G = Mean time per level.
                   A        B        C        D        E       F      G
               +--------+--------+--------+--------+--------+-----+--------+
         Total |    384 |    384 |      0 |     97 |      0 |   1 |  384.0 |
       Dungeon |    384 |    384 |      0 |     97 |      0 |   1 |  384.0 |
               +--------+--------+--------+--------+--------+-----+--------+

Top non-repeatable levels by time:
     D:1: 384 daAuts
